cohdb
Replays
Latest Replays
All Replays
Popular Replays
Top Player Replays
Match Explorer
How It Works
Community
CoH3 Stats
Reddit
Sign in to upload your games and track your stats! →
Sign in with Steam
Match 44938672
Unlisted
Match 44938672
Overview
Messages
Build Orders
End
Engineer Squad
Selects Special Operations Battlegroup
Selects M29 Weasel Recon Vehicle
M29 Weasel Recon Vehicle
Engineer Squad
Construct Weapon Support Center
M1919 Machine Gun Team
Infantry Support Center
Bazooka Squad
Construct Medical Station
Selects Raiding Flares
.30 cal Machine Gun
Advanced Logistics
Bazooka Squad
Selects SSF Commando Squad
SSF Commando Squad
SSF Commando Squad
Construct Tank Depot
M4A1 Sherman Medium Tank
M18 Hellcat Tank Destroyer
Selects Mark Vehicle
M18 Hellcat Tank Destroyer
Selects M4A1 Sherman Whizbang
Mark Vehicle
M18 Hellcat Tank Destroyer
Selects Assault Operation
Raiding Flares
M18 Hellcat Tank Destroyer
Mark Vehicle
.30 cal Machine Gun
Raiding Flares
Mark Vehicle
北韩第一巴图鲁
Eilte
Gwangju's Hero Chun Doo-gwang
ProxyFox
0
0
Comments
sign in to comment!
No comments posted yet!